 Dungeon Sprint DCSS version 0.29-a0-284-gf9362112df (webtiles) character file.

Game seed: 1661294649969031130

17756 mhtbhm the Executioner (level 12, -12/178 HPs)
             Began as a Minotaur Berserker on Mar 20, 2022.
             Was the Champion of Trog.
             Shot with a bolt by a yaktaur captain (26 damage)
             ... in the Dungeon (Sprint III: "The Ten Rune Challenge").
             The game lasted 00:07:07 (4843 turns).

mhtbhm the Executioner (Minotaur Berserker)         Turns: 4843, Time: 00:07:07

Health: -12/178    AC: 10    Str: 27    XL:     12   Next: 21%
Magic:  11/11      EV: 15    Int:  2    God:    Trog [******]
Gold:   359        SH:  5    Dex: 12    Spells: 11/11 levels left

rFire   . . .      SeeInvis .   a - +3 executioner's axe (flame)
rCold   . . .      Faith    .   (shield currently unavailable)
rNeg    . . .      Spirit   .   b - +0 ring mail
rPois   .          Reflect  +   (helmet restricted)
rElec   .          Harm     .   j - +1 cloak
rCorr   .          Rampage  .   (no gloves)
Will    .....      NoTele   +   (no boots)
Stlth   ..........              t - amulet of reflection
HPRegen 0.00/turn               (no ring)
MPRegen 0.12/turn               (no ring)

@: berserking, lethally poisoned (-12 -> -55), inhibited regen, very quick
A: horns 2, retaliatory headbutt, thin skeletal structure 1, dopey 1, frail 1,
inhibited regeneration
a: Renounce Religion, Berserk, Trog's Hand, Brothers in Arms


You were in the Dungeon.
You worshipped Trog.
Trog was exalted by your worship.
You visited 1 branch You collected 2849 gold pieces.
You spent 2490 gold pieces at shops.

Inventory:

Hand Weapons
 a - a +3 executioner's axe of flaming (weapon)
Missiles
 s - 7 curare-tipped darts (quivered)
Armour
 b - a +0 ring mail (worn)
 j - a +1 cloak (worn)
Jewellery
 t - an amulet of reflection (around neck)
Wands
 k - a wand of iceblast (7)
 u - a wand of mindburst (13)
Scrolls
 h - a scroll of blinking
 i - a scroll of fog {unknown}
 l - a scroll of holy word {unknown}
 m - a scroll of identify {unknown}
 o - 2 scrolls of immolation
 p - a scroll of enchant armour {unknown}
Potions
 d - 2 potions of heal wounds
 e - a potion of haste
 f - 2 potions of magic
 g - a potion of berserk rage
 n - a potion of might
 q - 2 potions of flight
 w - a potion of ambrosia {unknown}
Miscellaneous
 r - a lightning rod (4/4)
 v - a box of beasts


   Skills:
 + Level 20.2 Fighting
 + Level 22.9 Axes
 + Level 13.4 Armour
 + Level 11.0 Dodging
 + Level 7.5 Stealth
 + Level 1.5 Shields
 + Level 6.9 Evocations


You had 11 spell levels left.
You didn't know any spells.
Your spell library was empty.

Dungeon Overview and Level Annotations

Branches:
Dungeon (1/1)

Altars:
Cheibriados
Dithmenos
Elyvilon
Fedhas
Gozag
Hepliaklqana
Kikubaaqudgha
Makhleb
Nemelex Xobeh
Okawaru
Qazlal
Ru
Sif Muna
Trog
Uskayaw
Vehumet
Wu Jian
Xom
Yredelemnul
Zin
The Shining One
Beogh
Jiyva
Lugonu

Shops:
D :*[:!=(?[!::


Innate Abilities, Weirdness & Mutations

You have a pair of horns on your head.
You reflexively headbutt those who attack you in melee.
You have a somewhat thin skeletal structure. (Dex +2, Stealth+)
You are dopey. (Int -2)
You are frail. (-10% HP)
You do not regenerate when monsters are visible.


Message History

You slice the large slime creature!! You burn the large slime creature!
You headbutt the large slime creature!!
The large slime creature is almost dead.
You closely miss the white ugly thing. You barely miss the green ugly thing.
You block the large slime creature's attack.
The green ugly thing pecks you.
You are poisoned.
The green ugly thing poisons you!
You cut the large slime creature into ribbons!!!
You burn the large slime creature!
You kill the large slime creature!
Trog accepts your kill.
You barely miss the green ugly thing. You slice the white ugly thing!!
You burn the white ugly thing.
You kill the white ugly thing!
Trog accepts your kill.
You feel very sick.
Your Dodging skill increases to level 11!
You feel very sick. The green ugly thing pecks you!
You are more poisoned.
The green ugly thing poisons you!
The yaktaur captain wields a +2 arbalest of chaos.
It is briefly surrounded by a scintillating aura of random colours.
The yaktaur captain shoots a bolt.
The bolt hits you!!
* * * LOW HITPOINT WARNING * * *
Space warps around you.
* * * LOW HITPOINT WARNING * * *
Unknown command.
You slash the green ugly thing! You burn the green ugly thing.
The green ugly thing is severely wounded.
* * * LOW HITPOINT WARNING * * *
You feel very sick. The green ugly thing pecks you.
* * * LOW HITPOINT WARNING * * *
Unknown command.
* * * LOW HITPOINT WARNING * * *
You feel extremely sick.
The yaktaur captain shoots a bolt.
The bolt hits you!!
You die... ≈≈# ≈≈≈ ############ ##+ ≈≈§ #...#...#..# .. ≈≈ #...#...#..# .PPP ≈ ##'###'##[.# .PcP

###.......'..#..PPP.
##.#.#####.####......
######..'.#)..'.#)†'......
.....'..#######.@.u#.N....
.########.. ..#.#### .....
##.∩⌠⌠∩.#..#..#.#..# ....
.#.∩⌠⌠∩.#.#.#.#.'..# ...
.#.∩∩∩∩.#.....#)#..# ..
§#.∩.∩∩.#...))#.#..# .
§#......#.#.#.'.#..#
§###''###..#..#.#..#
§#.⌠..⌠.#)....######


You could see a yaktaur captain and a green ugly thing.

Vanquished Creatures
  Sigmund (D)
  A fire dragon (D)
  Erolcha (D)
  A centaur warrior (D)
  4 dancing weapons (D)
  2 orc high priests (D)
  2 deep elf knights (D)
  An orange crystal statue (D)
  2 deep elf pyromancers (D)
  A deep elf zephyrmancer (D)
  An orc sorcerer (D)
  2 ugly things (D)
  Edmund (D)
  2 cane toads (D)
  A komodo dragon (D)
  4 spriggan defenders (D)
  A queen bee (D)
  2 slime creatures (D)
  A shadow (D)
  2 redbacks (D)
  A spatial vortex (D)
  2 orc warriors (D)
  3 wandering mushrooms (D)
  5 two-headed ogres (D)
  A water elemental (D)
  A necrophage (D)
  32 killer bees (D)
  5 orc priests (D)
  A jelly (D)
  Crazy Yiuf (D)
  A wizard (D)
  4 orc wizards (D)
  A necromancer (D)
  3 humans (D)
  A kobold demonologist (D)
  8 orcs (D)
  2 endoplasms (D)
  2 rats (D)
107 creatures vanquished.

Vanquished Creatures (others)
  11 plants (D)
11 creatures vanquished.

Grand Total: 118 creatures vanquished

Notes
Turn   | Place    | Note
-------+----------+-------------------------------------------
     0 | D        | mhtbhm the Minotaur Berserker began the quest for the Orb.
     0 | D        | Reached XP level 1. HP: 19/19 MP: 0/0
     7 | D        | Reached skill level 4 in Axes
    93 | D        | Reached ** piety under Trog
   118 | D        | Noticed Crazy Yiuf
   125 | D        | Killed Crazy Yiuf
   126 | D        | Reached skill level 5 in Fighting
   126 | D        | Reached skill level 5 in Axes
   126 | D        | Reached XP level 2. HP: 30/30 MP: 1/1
   126 | D        | Reached XP level 3. HP: 37/37 MP: 2/2
   132 | D        | Reached skill level 6 in Axes
   224 | D        | Gained mutation: You sometimes lose the ability to read
                  | scrolls when taking damage. [potion of mutation]
   224 | D        | Gained mutation: You have sharp toenails. [potion of
                  | mutation]
   225 | D        | Lost mutation: You have sharp toenails. [potion of
                  | mutation]
   225 | D        | Lost mutation: You sometimes lose the ability to read
                  | scrolls when taking damage. [potion of mutation]
   225 | D        | Gained mutation: You have sharp fingernails. [potion of
                  | mutation]
   225 | D        | Gained mutation: Your spells are a little harder to cast,
                  | but a little more powerful. [potion of mutation]
   238 | D        | Lost mutation: You have sharp fingernails. [potion of
                  | mutation]
   238 | D        | Lost mutation: Your spells are a little harder to cast, but
                  | a little more powerful. [potion of mutation]
   238 | D        | Gained mutation: You passively map a small area around you.
                  | [potion of mutation]
   238 | D        | Gained mutation: Your mind is acute. (Int +2) [potion of
                  | mutation]
   238 | D        | Gained mutation: You are frail. (-10% HP) [potion of
                  | mutation]
   241 | D        | Lost mutation: Your mind is acute. (Int +2) [potion of
                  | mutation]
   241 | D        | Lost mutation: You passively map a small area around you.
                  | [potion of mutation]
   241 | D        | Gained mutation: You are dopey. (Int -2) [potion of
                  | mutation]
   241 | D        | Gained mutation: You do not regenerate when monsters are
                  | visible. [potion of mutation]
   241 | D        | Gained mutation: You have a somewhat thin skeletal
                  | structure. (Dex +2, Stealth+) [potion of mutation]
   246 | D        | Noticed a water elemental
   250 | D        | Killed a water elemental
   250 | D        | Reached *** piety under Trog
   251 | D        | Reached skill level 8 in Axes
   251 | D        | Reached XP level 4. HP: 42/42 MP: 3/3
   318 | D        | Found a basalt altar of Yredelemnul.
   318 | D        | Found a shadowy altar of Dithmenos.
   318 | D        | Found a sacrificial altar of Ru.
   318 | D        | Noticed a necrophage
   321 | D        | Reached skill level 1 in Stealth
   330 | D        | Killed a necrophage
   331 | D        | Reached skill level 9 in Axes
   331 | D        | Reached XP level 5. HP: 30/50 MP: 4/4
   455 | D        | Found a glowing silver altar of Zin.
   455 | D        | Found a glowing golden altar of the Shining One.
   455 | D        | Found a white marble altar of Elyvilon.
   455 | D        | Noticed a deep elf pyromancer
   461 | D        | Killed a deep elf pyromancer
   461 | D        | Reached **** piety under Trog
   462 | D        | Reached skill level 12 in Axes
   462 | D        | Reached skill level 5 in Armour
   462 | D        | Reached XP level 6. HP: 38/63 MP: 5/5
   462 | D        | Reached XP level 7. HP: 40/67 MP: 6/6
   641 | D        | Found a hide-covered altar of Uskayaw.
   641 | D        | Found an iron altar of Okawaru.
   641 | D        | Found a bloodstained altar of Trog.
   641 | D        | Found an ornate altar of the Wu Jian Council.
   641 | D        | Noticed a human
   642 | D        | Noticed a human
   647 | D        | Killed a human
   648 | D        | Reached skill level 13 in Axes
   652 | D        | Killed a human
   720 | D        | Found a radiant altar of Vehumet.
   720 | D        | Found a shimmering blue altar of Sif Muna.
   720 | D        | Found an ancient bone altar of Kikubaaqudgha.
   728 | D        | Reached ***** piety under Trog
   751 | D        | Noticed a shadow
   761 | D        | Received a gift from Trog
   761 | D        | Killed a shadow
   762 | D        | Reached skill level 14 in Axes
   762 | D        | Reached XP level 8. HP: 46/77 MP: 7/7
   863 | D        | Found a blossoming altar of Fedhas.
   863 | D        | Found a stormy altar of Qazlal.
   863 | D        | Found a snail-covered altar of Cheibriados.
   863 | D        | Found a burning altar of Makhleb.
   863 | D        | Found a shimmering altar of Xom.
   864 | D        | Found a hazy altar of Hepliaklqana.
   864 | D        | Found an opulent altar of Gozag.
   864 | D        | Found a sparkling altar of Nemelex Xobeh.
   864 | D        | Found a corrupted altar of Lugonu.
   864 | D        | Found a viscous altar of Jiyva.
  1226 | D        | Noticed a two-headed ogre
  1241 | D        | HP: 4/118 [two-headed ogre/+0 giant club (13)]
  1244 | D        | Killed a two-headed ogre
  1245 | D        | Reached skill level 15 in Axes
  1584 | D        | Noticed Erolcha
  1585 | D        | Noticed a two-headed ogre
  1593 | D        | Killed a two-headed ogre
  1594 | D        | Reached XP level 9. HP: 86/86 MP: 8/8
  1600 | D        | Killed Erolcha
  1600 | D        | Received a gift from Trog
  1601 | D        | Reached skill level 15 in Fighting
  1601 | D        | Reached skill level 16 in Axes
  1601 | D        | Reached skill level 5 in Stealth
  1601 | D        | Reached skill level 1 in Evocations
  2164 | D        | Noticed a wandering mushroom
  2168 | D        | Noticed a wandering mushroom
  2170 | D        | Noticed a wandering mushroom
  2560 | D        | Noticed a cane toad
  2560 | D        | Noticed a komodo dragon
  2560 | D        | Noticed a cane toad
  2564 | D        | Killed a komodo dragon
  2573 | D        | Killed a cane toad
  2574 | D        | Reached skill level 17 in Axes
  2580 | D        | Killed a cane toad
  2580 | D        | Received a gift from Trog
  2581 | D        | Reached XP level 10. HP: 81/97 MP: 3/9
  2810 | D        | Noticed an orc high priest
  2810 | D        | Noticed an orc sorcerer
  2813 | D        | Noticed a rust devil
  2814 | D        | Noticed a rust devil
  2815 | D        | Received a gift from Trog
  2816 | D        | Killed an orc sorcerer
  2816 | D        | Received a gift from Trog
  2821 | D        | Noticed a rust devil
  2821 | D        | Noticed a sixfirhy
  2821 | D        | Reached ****** piety under Trog
  2822 | D        | Killed an orc high priest
  2823 | D        | Reached skill level 18 in Axes
  2823 | D        | Reached skill level 10 in Armour
  2965 | D        | Found Ibid's Book Shoppe.
  3044 | D        | Noticed a deep elf knight
  3044 | D        | Noticed a deep elf zephyrmancer
  3044 | D        | Noticed a deep elf pyromancer
  3044 | D        | Noticed a deep elf pyromancer
  3044 | D        | Noticed a deep elf knight
  3053 | D        | Noticed a deep elf demonologist
  3054 | D        | Killed a deep elf zephyrmancer
  3054 | D        | Received a gift from Trog
  3055 | D        | Killed a deep elf pyromancer
  3056 | D        | Killed a deep elf knight
  3060 | D        | Killed a deep elf knight
  3060 | D        | Received a gift from Trog
  3257 | D        | Received a gift from Trog
  3258 | D        | Reached skill level 19 in Axes
  3258 | D        | Reached XP level 11. HP: 107/107 MP: 10/10
  3258 | D        | Received a gift from Trog
  3263 | D        | Received a gift from Trog
  3280 | D        | Received a gift from Trog
  3281 | D        | Reached skill level 5 in Evocations
  3513 | D        | Noticed Edmund
  3514 | D        | Noticed Sigmund
  3522 | D        | Killed Edmund
  3528 | D        | Killed Sigmund
  3529 | D        | Reached skill level 20 in Axes
  3529 | D        | Reached skill level 10 in Dodging
  3788 | D        | Noticed an orange crystal statue
  3799 | D        | Killed an orange crystal statue
  3845 | D        | Found Hodeq's Magic Scroll Shop.
  3845 | D        | Found Ubloc's Book Shoppe.
  3845 | D        | Found Lepaek's Jewellery Boutique.
  3845 | D        | Found Yckoos's Antique Weapon Emporium.
  3845 | D        | Found Hiewn's Book Shop.
  3845 | D        | Found Eras's Distillery.
  3845 | D        | Found Vimilo's Antique Armour Boutique.
  3846 | D        | Found Ymaihub's Distillery.
  3846 | D        | Found Caip's Book Shoppe.
  3846 | D        | Found Holu Wec's Antique Armour Shop.
  3846 | D        | Found Vayg's Assorted Antiques.
  3896 | D        | Bought distressingly furry pearl dragon scales for 2070
                  | gold pieces
  3896 | D        | Identified the +0 pearl dragon scales of the Depths {rC-
                  | rN+ rCorr Stlth+} (You bought it in a shop in the Dungeon)
  3919 | D        | Bought an amulet of reflection for 420 gold pieces
  3954 | D        | Received a gift from Trog
  3960 | D        | Reached skill level 21 in Axes
  4287 | D        | Noticed a fire dragon
  4292 | D        | Killed a fire dragon
  4392 | D        | Noticed a centaur warrior
  4398 | D        | Killed a centaur warrior
  4494 | D        | Noticed a +2 vorpal mace
  4494 | D        | Noticed a +3 halberd of protection
  4502 | D        | Killed a +3 halberd of protection
  4672 | D        | Noticed a +1 long sword of freezing
  4680 | D        | Killed a +2 vorpal mace
  4681 | D        | Reached skill level 22 in Axes
  4681 | D        | Reached skill level 1 in Shields
  4722 | D        | Killed a +1 long sword of freezing
  4722 | D        | Noticed a +0 hand axe of freezing
  4723 | D        | Reached XP level 12. HP: 91/118 MP: 11/11
  4822 | D        | Noticed a yaktaur captain
  4823 | D        | Noticed a two-headed ogre
  4823 | D        | a sea snake changed into a two-headed ogre
  4825 | D        | a two-headed ogre changed into an eye of devastation
  4830 | D        | Noticed a two-headed ogre
  4830 | D        | a merfolk changed into a two-headed ogre
  4832 | D        | a two-headed ogre changed into an eye of devastation
  4837 | D        | Received a gift from Trog
  4843 | D        | Shot with a bolt by a yaktaur captain

Illustrated notes

Levels and vault maps discovered:
D:        dungeon_sprint_mu [sprint_mu_entry_forest, sprint_mu_temple_rooms,
          sprint_mu_d1_spiders, sprint_mu_d2_genie, sprint_mu_d3_branching,
          sprint_mu_orc_legion, sprint_mu_elf_gauntlet, sprint_mu_hive_nellie,
          sprint_mu_lair_fedhas, sprint_mu_vaults_butterflies,
          sprint_mu_slime_circle, sprint_mu_shoals_archi,
          sprint_mu_snake_twists, sprint_mu_blade_basic,
          sprint_mu_crypt_fortress, sprint_mu_tomb_spiral,
          sprint_mu_vestibule_basic, sprint_mu_gehenna_hellfire,
          sprint_mu_dis_giant, sprint_mu_tartarus_statrot,
          sprint_mu_cocytus_islands, sprint_mu_zot1]

Skill      XL: |  1  2  3  4  5  6  7  8  9 10 11 12 |
---------------+-------------------------------------+-----
Fighting       | 5 7 8 11 13 14 16 18 19 20 | 20.2
Axes           | 5 8 9 12 14 15 17 19 22 | 22.9
Armour         | 3 4 5 6 7 9 11 13 | 13.4
Dodging        | 3 4 6 7 8 9 10 11 | 11.0
Stealth        | 1 2 3 4 6 7 |  7.5
Evocations     | 2 4 6 |  6.9
Shields        | 1 |  1.5

Action                   |  1- 3 |  4- 6 |  7- 9 | 10-12 || total
-------------------------+-------+-------+-------+-------++-------
Melee: Hand axe          |    17 |    16 |    62 |       ||    95
       Headbutt          |     2 |     2 |    17 |    19 ||    40
       Punch             |       |       |     2 |       ||     2
       Battleaxe         |       |       |    36 |       ||    36
       Executioner's axe |       |       |       |    92 ||    92
       Broad axe         |       |       |       |     4 ||     4
Invok: Berserk           |     2 |     1 |     5 |     4 ||    12
Evoke: Wand              |       |     1 |     4 |     1 ||     6
       Lightning rod     |       |       |     1 |    15 ||    16
  Use: Potion            |     4 |       |       |     1 ||     5
       Scroll            |       |       |       |     1 ||     1
 Stab: Sleeping          |     1 |       |     4 |       ||     5
Armor: Ring mail         |       |       |     7 |    29 ||    36
Dodge: Dodged            |     6 |     5 |    32 |    56 ||    99
Block: Other             |       |       |       |     5 ||     5

Table legend: (Time is in decaauts)
 A = Elapsed time spent in this place.
 B = Non-inter-level travel time spent in this place.
 C = Inter-level travel time spent in this place.
 D = Time resting spent in this place.
 E = Time spent auto-exploring this place.
 F = Levels seen in this place.
 G = Mean time per level.
                   A        B        C        D        E       F      G
               +--------+--------+--------+--------+--------+-----+--------+
         Total |   4912 |   4898 |     14 |   3830 |     19 |   1 | 4912.0 |
       Dungeon |   4912 |   4898 |     14 |   3830 |     19 |   1 | 4912.0 |
               +--------+--------+--------+--------+--------+-----+--------+

Top non-repeatable levels by time:
       D: 4912 daAuts
